AoeStats
← CHMB_Danchi

Arena

506718696Analyzed
1v1 RM · 17d ago on Sep 14, 2026· 43m 30s· 2 players
Game mode
Random Map
Map size
Tiny (2 player)
Population
200
Speed
Normal
Resources
Standard
Victory
Conquest
Starting age
Dark Age
Ending age
Imperial Age
RankedLock teamsTeams togetherTeam positionsShared explorationLock speedFull tech treeHidden civsTurbo modeCheats
Victory
Defeat
🇺🇸 Byzantines · United States
809
+14
🇦🇷 Persians · Argentina
769
-14
CHMB_Danchi
10:41 Feudal Age
14:52 Castle Age
12:43 Double-Bit Axe
16:12 Bow Saw
17:24 Loom
18:21 Wheelbarrow
21:04 Town Watch
21:47 Hand Cart
24:55 Gold Mining
24:59 Stone Mining
27:22 Gold Shaft Mining
27:27 Stone Shaft Mining
26:48 Horse Collar
30:15 Imperial Age
28:10 Scale Barding Armor
28:16 Forging
28:07 Scale Mail Armor
28:18 Heavy Plow
28:25 Fletching
30:44 Bloodlines
30:35 Husbandry
30:57 Chain Barding Armor
31:13 Iron Casting
30:54 Chain Mail Armor
30:05 Cavalier
31:42 Crop Rotation
32:27 Two-Man Saw
32:27 Plate Barding Armor
31:48 Bodkin Arrow
32:31 Heavy Cavalry Archer
34:12 Parthian Tactics
35:37 Blast Furnace
34:38 Padded Archer Armor
35:30 Conscription
37:55 Plate Mail Armor
39:39 Chemistry
38:59 Ballistics
43:09 Citadels
truffle shuffle
10:45 Feudal Age
11:33 Double-Bit Axe
11:30 Horse Collar
18:05 Castle Age
16:39 Stone Mining
17:40 Scale Barding Armor
18:44 Gold Mining
18:57 Scale Mail Armor
18:37 Pikeman
19:41 Bow Saw
24:09 Heavy Plow
24:37 Forging
26:24 Gold Shaft Mining
28:28 Wheelbarrow
32:00 Imperial Age
29:59 Murder Holes
29:32 Elite Skirmisher
31:11 Stone Shaft Mining
31:39 Chain Barding Armor
32:12 Hand Cart
32:06 Cavalier
34:55 Two-Man Saw
34:35 Crop Rotation
34:55 Husbandry
35:30 Halberdier
37:51 Chain Mail Armor
38:37 Chemistry
39:43 Fortified Wall
40:05 Plate Mail Armor
40:13 Plate Barding Armor
42:57 Iron Casting
Connection lost

Rejoining the realm…

Still unreachable

The connection could not be restored.

Session expired

The server has moved on; the page needs a fresh start.